 Dungeon Crawl Stone Soup version 0.13.0-18-g7b03ea5 (webtiles) character file.

603 Impy the Slasher (level 6, -7/49 HPs)
             Began as a Minotaur Death Knight on Oct 22, 2013.
             Was a Believer of Yredelemnul.
             Mangled by pictorio's ghost (10 damage)
             ... on Level 4 of the Dungeon.
             The game lasted 00:09:41 (3191 turns).

Impy the Slasher (Minotaur Death Knight)            Turns: 3191, Time: 00:09:41

HP  -7/49        AC  6     Str 19      XL: 6   Next: 73%
MP   8/8         EV  6     Int  8      God: Yredelemnul [**....]
Gold 157         SH 29     Dex 10      Spells:  0 memorised,  5 levels left

Res.Fire  : + + .   See Invis. : .   a - +2,+1 falchion
Res.Cold  : + . .   Warding    : .   b - +0 leather armour
Life Prot.: . . .   Conserve   : .   e - +1 dwarf large shield
Res.Poison: +       Res.Corr.  : .   (helmet restricted)
Res.Elec. : +       Clarity    : .   (no cloak)
Sust.Abil.: + .     Spirit.Shd : .   p - +1 pair of orc gauntlets
Res.Mut.  : .       Stasis     : .   f - +0 pair of dwarf boots
Res.Rott. : .       Flight     : .   (no amulet)
Saprovore : . . .                    n - ring of protection from fire
                                     o - ring of sustain abilities

@: about to teleport, slightly resistant to hostile enchantments, very
unstealthy
A: retaliatory headbutt, horns 2
a: Animate Remains, Recall Undead Slaves, Injury Mirror, Renounce Religion


You were on level 4 of the Dungeon.
You worshipped Yredelemnul.
Yredelemnul was pleased with you.
You were not hungry.

You visited 1 branch of the dungeon, and saw 4 of its levels.

You collected 137 gold pieces.

Inventory:

Hand weapons
 a - a +2,+1 falchion (weapon)
 d - a -4,-2 orcish whip
 k - a +0,+0 mace of holy wrath
Armour
 b - a +0 leather armour (worn)
 e - a +1 dwarven large shield (worn)
 f - a +0 pair of dwarven boots (worn)
 p - a +1 pair of orcish gauntlets (worn)
Comestibles
 c - a bread ration
 m - a meat ration
Scrolls
 g - a scroll of noise
 i - a scroll of enchant armour {unknown}
 q - a scroll of teleportation
 r - a scroll of curse jewellery {unknown}
Jewellery
 n - a ring of protection from fire (right hand)
 o - a ring of sustain abilities (left hand)
Books
 h - a book of Annihilations {highlevel}

   This book is beyond your current level of understanding.

   Spells                             Type                      Level
   Poison Arrow                       Conjuration/Poison           6
   Orb of Destruction                 Conjuration                  7
   Chain Lightning                    Conjuration/Air              8
   Lehudib's Crystal Spear            Conjuration/Earth            8
   Ice Storm                          Conjuration/Ice              9
   Fire Storm                         Conjuration/Fire             9


   Skills:
 - Level 2.4 Fighting
 + Level 5.1 Long Blades
 + Level 4.0 Armour
 - Level 1.1 Dodging
 + Level 3.3 Shields
 + Level 4.6 Invocations


You had 5 spell levels left.
You didn't know any spells.

Dungeon Overview and Level Annotations

Branches:
Dungeon (4/27)
 Temple: D:4-7

Altars:
Elyvilon
Okawaru

Annotations:
D:4 pictorio's ghost, average TrMo


Innate Abilities, Weirdness & Mutations

You reflexively headbutt those who attack you in melee.
You have a pair of horns on your head.


Message History

Pictorio's ghost is heavily damaged.
Pictorio's ghost shrieks, "They lied to you.
The Dungeon just goes down and down forever."
You block pictorio's ghost's attack.
Your shield prevents you from hitting pictorio's ghost.
Your headbutt misses pictorio's ghost.
Pictorio's ghost is heavily damaged.
You block pictorio's ghost's attack.
You hit pictorio's ghost but do no damage.
Pictorio's ghost is heavily damaged.
You block pictorio's ghost's attack.
You barely miss pictorio's ghost.
Pictorio's ghost is heavily damaged.
Pictorio's ghost wails, "You must not fail where I succeeded!"
Pictorio's ghost hits you!
* * * LOW HITPOINT WARNING * * *
Read which item? (? for menu, Esc to quit)
As you read the scroll of teleportation, it crumbles to dust.
You feel strangely unstable. Pictorio's ghost hits you!
You die...
Your body rises from the dead as a mindless zombie.

........................##
.........................##
..........................##
##########.........).......##
............................##
.#...#...#...................##
..............................##
.#...#...#.....p...............##
.........).....#@...............#
##########....###................
....#.......%#.................
.............).................
...............................
...............................
..............................
...........=..................
................#.............


You could see pictorio's ghost.

Vanquished Creatures
  A hungry ghost (D:4)
  An ogre (D:4)
  A quasit (D:3)
  An iguana (D:4)
  A worker ant (D:4)
  Terence (D:2)
  7 adders
  A giant mite (D:3)
  2 worms (D:2)
  A giant eyeball (D:4)
  A giant gecko (D:2)
  5 orcs (D:3)
  A ball python (D:2)
  4 giant cockroaches
  8 goblins
  2 hobgoblins
  6 kobolds
  4 training dummies (D:3)
  7 bats
  2 giant newts
  A jackal skeleton (D:4)
  3 quokkas
  10 rats
71 creatures vanquished.

Notes
Turn   | Place    | Note
--------------------------------------------------------------
     0 | D:1      | Impy, the Minotaur Death Knight, began the quest for the Orb.
     0 | D:1      | Reached XP level 1. HP: 17/17 MP: 2/2
   141 | D:1      | Reached XP level 2. HP: 19/24 MP: 2/2
   213 | D:1      | Reached skill level 3 in Long Blades
   848 | D:2      | Reached XP level 3. HP: 24/29 MP: 4/4
   850 | D:2      | Acquired Yredelemnul's second power
   856 | D:2      | Noticed Terence
   864 | D:2      | Killed Terence
   864 | D:2      | Reached skill level 1 in Shields
  1702 | D:3      | Reached XP level 4. HP: 30/37 MP: 5/5
  1757 | D:3      | Reached skill level 4 in Long Blades
  2378 | D:3      | Found an iron altar of Okawaru.
  2383 | D:3      | Reached XP level 5. HP: 38/42 MP: 6/6
  2915 | D:4      | Noticed pictorio's ghost (average TrMo)
  2922 | D:4      | Found a white marble altar of Elyvilon.
  3005 | D:4      | Paralysed by a giant eyeball for 2 turns
  3007 | D:4      | Noticed an ogre
  3012 | D:4      | Paralysed by a giant eyeball for 2 turns
  3027 | D:4      | Killed an ogre
  3027 | D:4      | Reached XP level 6. HP: 45/49 MP: 8/8
  3071 | D:4      | Noticed a hungry ghost
  3100 | D:4      | Killed a hungry ghost
  3100 | D:4      | Reached skill level 5 in Long Blades
  3187 | D:4      | HP: 2/49 [pictorio's ghost (13)]
  3191 | D:4      | Mangled by pictorio's ghost

Action                   |  1- 3 |  4- 6 || total
-------------------------+-------+-------++-------
Melee: Whip              |    14 |       ||    14
       Falchion          |   100 |   157 ||   257
  Use: Potion            |     2 |     3 ||     5
       Scroll            |     2 |     9 ||    11
